 Dungeon Crawl Stone Soup version 0.24-a0-201-gf205589 (webtiles) character file.

Game seed: 14833445487445448513

12954 Borgoz the Slicer (level 12, -4/97 HPs)
             Began as a Ghoul Gladiator on Mar 24, 2019.
             Was a Believer of Ashenzari.
             Slain by a cyan ugly thing (14 damage)
             ... in a Gauntlet.
             The game lasted 00:25:07 (10626 turns).

Borgoz the Slicer (Ghoul Gladiator)                Turns: 10626, Time: 00:25:08

Health: -4/97      AC: 15    Str: 24    XL:     12   Next: 0%
Magic:  17/17      EV: 21    Int:  7    God:    Ashenzari [**....]
Gold:   311        SH:  0    Dex: 17    Spells: 16/20 levels left

rFire    + . .     SeeInvis .   s - +3 short sword (elec)
rCold    + + .     Gourm    .   (no shield)
rNeg     + + +     Faith    .   I - +2 ring mail "Mifow" {rF+ rC+ Dex+2}
rPois    ∞         Spirit   .   c - +0 helmet
rElec    .         Reflect  .   u - +0 cloak
rCorr    .         Harm     .   p - +1 pair of gloves
MR       .....     NoTele   +   C - +0 pair of boots
Stlth    ++++......             (no amulet)
HPRegen  0.00/turn              (no ring)
MPRegen  0.15/turn              (no ring)

@: mighty, agile, rotting
A: rotting body, claws 1, carnivore, cold resistance 1, negative energy
resistance 3, inhibited regeneration, torment resistance, unbreathing
a: Curse Item, Scrying, Renounce Religion


You were in a Gauntlet.
You worshipped Ashenzari.
Ashenzari was pleased with you.
You were not hungry.

You visited 3 branches of the dungeon, and saw 12 of its levels.
You also visited: Ossuary and Gauntlet.

You collected 551 gold pieces.
You spent 240 gold pieces at shops.

Inventory:

Hand Weapons
 a - a +0 rapier
 s - a +3 short sword of electrocution (weapon)
 y - a +2 dagger of venom
 G - a +2 dagger of draining
Missiles
 b - 5 needles of frenzy
 d - 4 throwing nets (quivered)
 w - 6 tomahawks
Armour
 c - a +0 helmet (worn)
 p - a +1 pair of gloves (worn)
 u - a +0 cloak (worn)
 C - a +0 pair of boots (worn)
 I - the +2 ring mail "Mifow" (worn) {rF+ rC+ Dex+2}
   (You found it on level 8 of the Dungeon)

   It affects your dexterity (+2).
   It protects you from fire.
   It protects you from cold.
Wands
 g - a wand of digging (5)
 H - a wand of iceblast (13)
Scrolls
 e - a scroll of identify
 h - a scroll of blinking
 o - 2 scrolls of enchant weapon
 q - 5 scrolls of remove curse
 x - 6 scrolls of fear
 B - 2 scrolls of summoning
 E - 3 scrolls of teleportation
Potions
 l - a potion of curing
 z - a potion of magic
 A - 3 potions of might
 D - 2 potions of ambrosia
Comestibles
 f - 22 rations


   Skills:
 + Level 6.6 Fighting
 * Level 8.0 Short Blades
 - Level 5.4 Throwing
 * Level 7.5 Armour
 * Level 8.0 Dodging
 + Level 6.7 Stealth
 + Level 4.6 Spellcasting
 + Level 0.7 Hexes
 + Level 4.5 Evocations


You had 16 spell levels left.
You knew the following spells:

 Your Spells              Type           Power        Failure   Level  Hunger
a - Cause Fear            Hex            #.........   97%         4    #####..

Your spell library contained the following spells:

 Spells                   Type           Power        Failure   Level  Hunger
 Shock                    Conj/Air       #...         41%         1    #......
 Slow                     Hex            #.......     43%         2    ###....
 Sticks to Snakes         Tmut           #.......     54%         2    ###....
 Confuse                  Hex            #.......     67%         3    ###....
 Inner Flame              Hex/Fire       #.......     73%         3    ###....
 Silence                  Hex/Air        #.........   100%        5    ######.
 Yara's Violent Unravell  Hex/Tmut       #.........   100%        5    ######.
 Deflect Missiles         Chrm/Air       #.........   100%        6    #######
 Freezing Cloud           Conj/Ice/Air   #.........   100%        6    #######
 Discord                  Hex            #.........   100%        8    #######
 Beastly Appendage        Tmut           Unusable     N/A         1    N/A
 Spider Form              Tmut/Pois      Unusable     N/A         3    N/A
 Ice Form                 Ice/Tmut       Unusable     N/A         4    N/A
 Blade Hands              Tmut           Unusable     N/A         5    N/A

Dungeon Overview and Level Annotations

Branches:
Dungeon (10/15)            Temple (1/1) D:6            Lair (1/6) D:9
    Orc (0/2) D:9

Altars:
Ashenzari
Cheibriados
Dithmenos
Elyvilon
Fedhas
Gozag
Hepliaklqana
Kikubaaqudgha
Makhleb
Nemelex Xobeh
Okawaru
Qazlal
Ru
Sif Muna
Trog
Uskayaw
Vehumet
Wu Jian
Xom
Yredelemnul
Zin
The Shining One

Shops:
D:3 *   D:4 :   D:8 !

Annotations:
D:4 3 runed translucent doors, Lanoc's ghost, amateur DrGl Gauntlet 7 transporters, 22 runed translucent doors


Innate Abilities, Weirdness & Mutations

Your body is rotting away.
You thrive on raw meat.
You are immune to poison.
You have sharp fingernails.
You are carnivorous and can eat meat at any time.
Your flesh is cold resistant. (rC+)
You are immune to negative energy. (rN+++)
You do not regenerate when monsters are visible.
You are immune to unholy pain and torment.
You can survive without breathing.


Message History

The cyan ugly thing is moderately wounded.
The cyan ugly thing completely misses you.
You puncture the cyan ugly thing!
The cyan ugly thing is heavily wounded.
The cyan ugly thing gores you. The cyan ugly thing shocks you!
You puncture the cyan ugly thing!
The cyan ugly thing is severely wounded.
The shadow imp grins evilly.
You puncture the cyan ugly thing!
The cyan ugly thing is almost dead.
The cyan ugly thing gores you.
* * * LOW HITPOINT WARNING * * *
The cyan ugly thing shocks you!
* * * LOW HITPOINT WARNING * * *
You closely miss the cyan ugly thing.
The cyan ugly thing is almost dead.
The cyan ugly thing gores you.
* * * LOW HITPOINT WARNING * * *
The cyan ugly thing shocks you!
You die...

.........................≈#
#..#########..#########..##
#..###...###..#.......#..≈#
#..###...###..#.#.###.#..## *
####..'##.#####...###=#..≈#* *
#©©#..#©#.©#©©#..©###©#..## .#
####..##+.#####.##...!#..≈# ..#
#..###...###..#.##...=#..###..#
#..###...###..#.@uu...#..#....#
#..#########..#########..#©...#
.......................∩.#....#
.........................#.....
##########..###########..#©...#*,
...#y#...#..#..+..+245#..#....#
..#...#..#..#..+..+...#..###..#
.##...##?#..#++#++##..#..≈# ..#
#..#.##..####..+...+.?#..## .# *


You could see a reaper, 2 ugly things, a hellwing and a shadow imp.

Vanquished Creatures
  Harold (D:8)
  3 death yaks (D:9)
  A glowing orange brain (Gauntlet)
  A deep elf mage (D:8)
  Pikel (D:8)
  An ugly thing (D:8)
  2 spiny frogs (Lair:1)
  A troll (D:8)
  3 hornets (Gauntlet)
  11 yaks
  A hungry ghost (D:8)
  3 swamp worms (Gauntlet)
  Edmund (D:6)
  4 porcupines
  5 ice beasts
  2 orc warriors
  A phantom (D:5)
  A sky beast (D:5)
  A black bear (shapeshifter) (D:8)
  A black bear (D:7)
  A necrophage (D:7)
  4 slaves (D:8)
  2 ogres
  6 wolves (Lair:1)
  2 centaurs
  A big kobold (D:9)
  6 bullfrogs
  4 water moccasin zombies (Ossuary)
  3 scorpions
  5 killer bees (D:8)
  8 wights
  2 crimson imps (D:6)
  A bullfrog zombie (D:7)
  2 centaur skeletons
  3 jellies (D:8)
  2 quasits
  7 orc priests
  3 hounds
  9 orc wizards
  4 worker ants
  4 big kobold zombies (Ossuary)
  2 mummies (Ossuary)
  A howler monkey zombie (D:9)
  A worker ant zombie (D:5)
  13 adders
  3 gnolls (D:2)
  A shadow imp (D:5)
  5 oozes (D:8)
  3 adder skeletons
  3 adder zombies
  4 worms
  2 dart slugs
  6 leopard geckos
  24 orcs
  4 giant cockroaches
  6 goblins
  4 hobgoblins
  2 jackals (D:1)
  8 kobolds
  2 quokkas
  2 ball pythons
  8 bats
  4 frilled lizards
  2 gnoll zombies (Ossuary)
  4 hobgoblin zombies (Ossuary)
  6 kobold zombies (Ossuary)
  3 leopard gecko skeletons
  An orc zombie (Ossuary)
  2 quokka skeletons
  6 rats
256 creatures vanquished.

Notes
Turn   | Place    | Note
-------+----------+-------------------------------------------
     0 | D:1      | Borgoz the Ghoul Gladiator began the quest for the Orb.
     0 | D:1      | Reached XP level 1. HP: 17/17 MP: 0/0
    86 | D:1      | Reached XP level 2. HP: 16/24 MP: 1/1
   638 | D:1      | Reached XP level 3. HP: 9/30 MP: 2/2
   645 | D:1      | Reached skill level 1 in Armour
   672 | D:2      | Reached skill level 1 in Stealth
   702 | D:2      | HP: 1/30 [gnoll/+0 halberd (14)]
  1009 | D:2      | Reached XP level 4. HP: 27/37 MP: 4/4
  1391 | D:3      | Found an opulent altar of Gozag.
  1395 | D:3      | Found Gozag's Platinum Reserve.
  1579 | D:3      | Found a glowing silver altar of Zin.
  1623 | D:3      | Reached skill level 1 in Spellcasting
  1623 | D:3      | Reached XP level 5. HP: 42/44 MP: 5/5
  2127 | D:2      | Reached XP level 6. HP: 51/51 MP: 6/6
  2177 | D:2      | Found a snail-covered altar of Cheibriados.
  2834 | D:4      | Found an iron altar of Okawaru.
  2898 | D:4      | Found a runed translucent gate.
  2898 | D:4      | Noticed Lanoc's ghost (amateur DrGl)
  2899 | D:4      | Found a runed translucent gate.
  2899 | D:4      | Found a runed translucent gate.
  3121 | D:4      | Noticed an ice beast
  3128 | D:4      | Killed an ice beast
  3128 | D:4      | Reached XP level 7. HP: 57/57 MP: 8/8
  3321 | D:4      | Found Qitaus's Book Shop.
  3875 | D:5      | Entered Level 5 of the Dungeon
  3875 | D:5      | Found a hazy altar of Hepliaklqana.
  4065 | D:5      | Reached XP level 8. HP: 46/66 MP: 8/10
  4463 | D:6      | Found a sand-covered staircase.
  4489 | Ossuary  | Entered an ossuary
  4512 | Ossuary  | Reached skill level 1 in Evocations
  4818 | Ossuary  | Reached skill level 5 in Dodging
  4978 | D:6      | Reached skill level 5 in Short Blades
  4994 | D:6      | Reached XP level 9. HP: 48/71 MP: 11/11
  5020 | D:6      | HP: 3/71 [orc warrior/+0 glaive (10)]
  5304 | D:6      | Noticed Edmund
  5315 | D:6      | Killed Edmund
  5453 | D:6      | Found a staircase to the Ecumenical Temple.
  5459 | Temple   | Entered the Ecumenical Temple
  5615 | Temple   | Became a worshipper of Ashenzari the Shackled
  5768 | D:7      | Found a shimmering altar of Xom.
  6041 | D:7      | Reached skill level 5 in Armour
  6457 | D:7      | Found a deep blue altar of Sif Muna.
  6633 | D:8      | Got the uncursed ring mail "Mifow" {rF+ rC+ Dex+2}
  6644 | D:8      | Identified the +2 ring mail "Mifow" {rF+ rC+ Dex+2} (You
                  | found it on level 8 of the Dungeon)
  6691 | D:8      | Noticed Pikel
  6758 | D:8      | Killed Pikel
  6758 | D:8      | Reached skill level 5 in Fighting
  6758 | D:8      | Reached skill level 5 in Stealth
  6758 | D:8      | Reached XP level 10. HP: 24/81 MP: 12/14
  6848 | D:8      | Reached * piety under Ashenzari
  6959 | D:8      | Found Leqin's Distillery.
  6976 | D:8      | Bought 2 potions of might for 80 gold pieces
  6976 | D:8      | Bought 2 potions of might for 80 gold pieces
  6976 | D:8      | Bought 2 potions of might for 80 gold pieces
  7119 | D:8      | Noticed Harold
  7143 | D:8      | Killed Harold
  7350 | D:8      | Noticed a deep elf mage
  7355 | D:8      | Noticed a purple ugly thing
  7395 | D:8      | Killed a deep elf mage
  7525 | D:8      | Killed a purple ugly thing
  8121 | D:9      | Noticed a death yak
  8123 | D:9      | Noticed a death yak
  8128 | D:9      | Noticed a death yak
  8348 | D:9      | Reached XP level 11. HP: 53/87 MP: 15/15
  8361 | D:9      | Reached skill level 5 in Throwing
  8414 | D:10     | Entered Level 10 of the Dungeon
  8555 | D:9      | Found a staircase to the Orcish Mines.
  8613 | D:9      | Found a stormy altar of Qazlal.
  8613 | D:9      | Found a hide-covered altar of Uskayaw.
  8614 | D:9      | Found an iron altar of Okawaru.
  8757 | D:9      | Found a staircase to the Lair.
  8868 | D:9      | Reached ** piety under Ashenzari
  9067 | D:9      | Killed a death yak
  9102 | D:9      | Killed a death yak
  9110 | D:9      | Killed a death yak
  9331 | Lair:1   | Entered Level 1 of the Lair of Beasts
  9581 | Lair:1   | Found a gate leading to a gauntlet.
  9831 | Gauntlet | Entered a Gauntlet
  9831 | Gauntlet | Found a transporter.
  9831 | Gauntlet | Found a transporter.
  9831 | Gauntlet | Found a transporter.
  9844 | Gauntlet | Found a transporter.
  9848 | Gauntlet | Found a runed translucent door.
  9850 | Gauntlet | Found a runed translucent door.
  9852 | Gauntlet | Found a transporter.
  9855 | Gauntlet | Found a transporter.
  9857 | Gauntlet | Noticed a glowing orange brain
  9860 | Gauntlet | Noticed a purple ugly thing
  9861 | Gauntlet | Noticed a purple ugly thing
  9868 | Gauntlet | Found a transporter.
  9877 | Gauntlet | Found a large runed translucent door.
  9878 | Gauntlet | Found a large runed translucent door.
  9879 | Gauntlet | Found a large runed translucent door.
  9879 | Gauntlet | Found a large runed translucent door.
  9880 | Gauntlet | Found a runed translucent gate.
  9881 | Gauntlet | Found a transporter.
  9881 | Gauntlet | Found a runed translucent gate.
  9881 | Gauntlet | Noticed a reaper
  9882 | Gauntlet | Found a runed translucent gate.
  9883 | Gauntlet | Found a large runed translucent door.
  9883 | Gauntlet | Found a large runed translucent door.
  9884 | Gauntlet | Found a large runed translucent door.
  9885 | Gauntlet | Found a large runed translucent door.
  9894 | Gauntlet | Found a large runed translucent door.
  9894 | Gauntlet | Found a large runed translucent door.
  9894 | Gauntlet | Found a runed translucent door.
  9894 | Gauntlet | Found a runed translucent door.
  9895 | Gauntlet | Found a large runed translucent door.
  9896 | Gauntlet | Found a large runed translucent door.
  9898 | Gauntlet | Found a transporter.
  9901 | Gauntlet | Found a transporter.
  9911 | Gauntlet | Found a transporter.
  9948 | Gauntlet | Found a transporter.
  9962 | Gauntlet | Found a large runed translucent door.
  9963 | Gauntlet | Found a large runed translucent door.
  9964 | Gauntlet | Found a large runed translucent door.
  9964 | Gauntlet | Found a large runed translucent door.
 10004 | Gauntlet | Learned a level 4 spell: Cause Fear
 10091 | Gauntlet | Identified the Tome of Hedging
 10602 | Gauntlet | Killed a glowing orange brain
 10602 | Gauntlet | Reached XP level 12. HP: 86/97 MP: 17/17
 10626 | Gauntlet | Slain by a cyan ugly thing

Levels and vault maps discovered:
D:1:      nicolae_arrival_washed_ashore, layout_loops_cross, minmay_pentomino_s2
D:2:      layout_basic, kennysheep_slug_shrine
D:3:      layout_basic, zin_statuary, serial_undead, serial_undead_d,
          serial_undead_c, serial_undead_e, serial_undead_a,
          nicolae_gozag_zags_fifth_avenue
D:4:      layout_basic, serial_shops, nicolae_shop_waterfront,
          ebering_ghost_rock_garden, okawaru_ov_weapons_minmay
D:5:      layout_rooms, nicolae_overflow_hidden_temple, first_ration
D:6:      layout_rooms, minmay_temple_entry_hall,
          lightli_ossuary_entry_decrepit_ruins, uniq_edmund
D:7:      layout_basic, xom_butterflies, led_sif_pool
D:8:      minmay_curly_fans, layout_cave_pods, serial_shops, shop_fountains,
          hangedman_little_slice_of_home, grunt_decor_arrowhead, uniq_harold,
          uniq_pikel
D:9:      layout_stronghold, gammafunk_temple_overflow_claw, dpeg_lair_monsters,
          orc_0_dummy
D:10:     layout_cave_pools, serial_shops, nicolae_shop_behind_doors, shop,
          minivault_12, uniq_josephine, uniq_nergalle
Temple:   eino_narrow_crystal_temple
Lair:1:   layout_big_grid, gauntlet_entry_generic, beast_lair_carwin_4
Ossuary:  ossuary_tomb_2
Gauntlet: minmay_gauntlet_mixed_big_or_small [nicolae_gauntlet_arena_quarters,
          minmay_gauntlet_arena_77_radiant_squares,
          gammafunk_gauntlet_arena_chambers, minmay_gauntlet_arena_77_cramped,
          minmay_gauntlet_arena_make_your_own_arena,
          minmay_gauntlet_arena_77_block_sizes, gauntlet_exit_spiral]

Skill      XL: |  1  2  3  4  5  6  7  8  9 10 11 |
---------------+----------------------------------+-----
Short Blades   | 3 4 5 6 7 8 |  8.0
Throwing       | 2 3 4 5 |  5.4
Armour         | 1 2 3 4 5 6 7 |  7.5
Dodging        | 3 4 5 6 7 8 |  8.0
Stealth        | 1 2 3 5 6 |  6.7
Spellcasting   | 1 2 3 4 |  4.6
Fighting       | 3 4 5 6 |  6.6
Evocations     | 1 2 3 4 |  4.5
Hexes          | |  0.7

Action                   |  1- 3 |  4- 6 |  7- 9 | 10-12 || total
-------------------------+-------+-------+-------+-------++-------
Melee: Rapier            |    85 |    83 |       |       ||   168
       Short sword       |       |    94 |   490 |   466 ||  1050
Throw: Throwing net      |       |       |       |    12 ||    12
Evoke: Wand              |       |     2 |       |     8 ||    10
  Use: Potion            |       |       |     9 |     9 ||    18
       Scroll            |       |       |       |    19 ||    19
 Stab: Sleeping          |       |       |     5 |     3 ||     8
       Held in net/web   |       |       |       |     4 ||     4
       Invisible         |       |       |       |     5 ||     5
  Eat: Chunk             |    12 |    20 |    33 |    67 ||   132
Armor: Leather armour    |    17 |       |       |       ||    17
       Ring mail         |    26 |    68 |   251 |   176 ||   521
Dodge: Dodged            |    73 |    93 |   344 |   346 ||   856

Table legend:
 A = Non-vault XP
 B = Vault XP
 C = Vault XP percentage of total XP
 D = Non-vault monster count
 E = Vault monster count
 F = Vault count percentage of total count
                 A         B        C        D         E       F
            +---------+---------+-------+---------+---------+-------
      Total |    8581 |    9926 |  53.6 |     185 |      67 |  26.6
            +---------+---------+-------+---------+---------+-------
        D:1 |      53 |       2 |   3.6 |      18 |       1 |   5.3
        D:2 |     105 |       4 |   3.7 |      22 |       1 |   4.3
        D:3 |     122 |      59 |  32.6 |      17 |       6 |  26.1
        D:4 |     488 |       0 |   0.0 |      15 |       0 |   0.0
        D:5 |     747 |       0 |   0.0 |      14 |       0 |   0.0
        D:6 |     921 |     166 |  15.3 |      18 |       1 |   5.3
        D:7 |    1027 |       0 |   0.0 |      24 |       0 |   0.0
        D:8 |    1493 |    3468 |  69.9 |      27 |      16 |  37.2
        D:9 |    1452 |    2953 |  67.0 |      17 |       7 |  29.2
       D:10 |       2 |       0 |   0.0 |       1 |       0 |   0.0
     Lair:1 |    2171 |     740 |  25.4 |      12 |       4 |  25.0
    Ossuary |       0 |     471 | 100.0 |       0 |      24 | 100.0
   Gauntlet |       0 |    2063 | 100.0 |       0 |       7 | 100.0
            +---------+---------+-------+---------+---------+-------
